[Event "2nd Serbia Open Masters 2022"]
[Site "Novi Sad"]
[Date "2022.07.02"]
[Round "5.25"]
[White "Eren, Ataberk"]
[Black "Pranav Anand"]
[Result "0-1"]
[ECO "E97"]
[WhiteElo "2273"]
[BlackElo "2479"]
[Annotator "TA"]
[PlyCount "148"]
[EventDate "2022.06.28"]
[EventType "swiss"]
[EventCountry "SRB"]
[SourceTitle "playchess.com"]
[Source "ChessBase"]
[SourceQuality "1"]
[TimeControl "40/5400+30:900+30"]

1. d4 Nf6 2. c4 g6 3. Nc3 Bg7 4. e4 d6 5. Be2 O-O 6. Nf3 e5 7. O-O Nc6 8. d5 Ne7 9. b4 Nh5 10. Re1 a5 11. bxa5 Rxa5 12. a4 {[%emt 0:00:04] is currently scoring better than 12.Nd2. E97: King's Indian: Classical Main Line (6...e5 7 0-0 Nc6): 8 Be3 and 8 d5 Ne7, not 9 Ne1.} c5 13. Ra3 Ra6 14. Bd2 {[%emt 0:01:24] White is better.} h6 15. Nb5 Nf4 16. Bf1 $1 g5 {[%emt 0:00:00] [#]} 17. Bc3 $146 ({Predecessor:} 17. h4 g4 18. Nh2 Qd7 19. g3 Nh3+ 20. Bxh3 gxh3 21. Qh5 Kh7 22. g4 Ng6 23. g5 {1-0 (33) Leonard,A (2327)-Harvey,D (2332) ICCF email 2016}) 17... Neg6 18. Nd2 Kh7 19. Bb2 g4 20. Bc1 Bd7 21. Nb3 Qe7 22. Be3 f5 23. exf5 Bxf5 24. Nd2 Qf7 25. Nc3 Bc8 26. Nde4 Nh4 27. Nb5 Rd8 (27... Qg6 $142 28. Qb1 Kh8) 28. Bd2 $16 Bh8 $2 (28... Bf5 $16) 29. g3 $18 Nf3+ 30. Rxf3 gxf3 31. gxf4 exf4 32. Qxf3 Be5 $2 (32... Rg8+ 33. Kh1 Bg4) 33. Kh1 Rg8 34. Bh3 {[%emt 0:02:00] Against Bg4} Bxh3 35. Qxh3 Qg6 36. a5 Rg7 37. f3 Ra8 {[%emt 0:00:11] [#]} 38. Qg4 (38. Nbxd6 $142 $1 {[%mdl 512] Black must now prevent Nf5.} Rag8 39. Qf5) 38... Qxg4 39. fxg4 Rxg4 40. Nexd6 {[%emt 0:00:00] Pair of Knights!} ({White should try} 40. Bc3 {And now Bxe5 would win.} Bxc3 41. Nbxc3 (41. Nexc3 f3 $16)) 40... f3 $16 41. Rxe5 ({White should play} 41. h3 $16 Rg2 42. Rxe5 (42. Nxb7 Rag8) 42... Rxd2 43. Re1 (43. Nxb7 Rd1+ 44. Kh2 Rg8 45. Re7+ Kh8)) 41... f2 $11 42. Re7+ Kg8 43. Re1 fxe1=Q+ 44. Bxe1 Rf8 45. Bg3 {[%emt 0:00:20] Strongly threatening Kg2.} h5 $1 {[%emt 0:00:43] Black wants to play ...h4.} 46. Kg2 {[%emt 0:02:51] Hoping for Kh3.} (46. Nxb7 $2 h4 47. Kg2 hxg3 48. hxg3 Rxc4 $19) 46... h4 $1 {[%emt 0:00:50][%mdl 64] Pin} 47. Nc7 hxg3 48. hxg3 Rf6 49. Ne6 Rfg6 50. Nf5 (50. Kf3 $11 {and White stays safe.}) 50... Kf7 $19 ({Resist} 50... Rxc4 51. Ne7+ Kf7 52. Nxg6 $16) 51. Kf3 (51. Nd6+ {was necessary.} Ke7 52. Nxb7) 51... Kf6 52. Ne3 Rxg3+ 53. Kf4 Rh3 54. Nxc5 Rh4+ 55. Kf3 Rh3+ 56. Kf4 $1 Rh4+ $2 (56... Rg7 57. Nf5 Rf7 58. Ne4+ Kg6) 57. Kf3 Rh7 (57... Rg8 $19 {...Rc8 is the strong threat.} 58. Nd7+ Kg5) 58. Kf4 $17 {[%emt 0:01:30] [#]} Rh4+ $2 (58... Rh5 $1 59. Ne4+ (59. Nxb7 $2 Rh4+ 60. Kf3 Ke5 $19) 59... Ke7 60. Nf5+ Kd8) 59. Kf3 $19 Rg7 {[%emt 0:00:48] aiming for ...Rf7.} 60. d6 Ke5 61. d7 {[%emt 0:00:18] [#]} Rh8 $1 {[%emt 0:00:27] Threatens to win with ...Rf7+.} 62. Nd5 $2 (62. Nd3+ {is a better chance.} Ke6 63. Nc5+ Kd6 64. Nf5+ Kxc5 65. Nxg7) 62... Kd6 63. Nxb7+ Kxd7 64. a6 Kc6 65. Nb4+ Kb6 66. Nd5+ Kxa6 67. Nc5+ Ka7 68. Ne6 Rf7+ 69. Ke4 Rh4+ 70. Ndf4 Rh1 71. Ke5 Re1+ {[%emt 0:00:04] Black mates.} 72. Kd5 Rf5+ 73. Kd4 Kb8 74. Kd3 Rf6 {[%emt 0:00:20] What a bad dream for White.  Weighted Error Value: White=0.39/Black=0.56} 0-1

[Event "2nd Serbia Open Masters 2022"]
[Site "Novi Sad"]
[Date "2022.07.02"]
[Round "5.26"]
[White "Fataliyeva, Ulviyya"]
[Black "Milikow, Yoav"]
[Result "1-0"]
[ECO "E04"]
[WhiteElo "2348"]
[BlackElo "2410"]
[Annotator "TA"]
[PlyCount "111"]
[EventDate "2022.06.28"]
[EventType "swiss"]
[EventCountry "SRB"]
[SourceTitle "playchess.com"]
[Source "ChessBase"]
[SourceQuality "1"]
[TimeControl "40/5400+30:900+30"]

1. d4 e6 2. c4 Nf6 3. Nf3 d5 4. g3 Bb4+ 5. Nbd2 O-O 6. Bg2 dxc4 7. O-O a5 {[%emt 0:04:11] E04: Open Catalan: 5 Nf3.} (7... b5 $11) 8. Nxc4 $14 b5 {[%emt 0:00:29] [#]} 9. Na3 $146 ({White should try} 9. Nce5 $16) ({Predecessor:} 9. Nce5 Bb7 10. Bg5 Be4 11. Rc1 Ra6 12. Qb3 Qd5 13. Qe3 Ne8 14. Bf4 Nd6 15. Rxc7 {0-1 (38) Torkkola,H (2123)-Arvola,B (2300) Athens 2012}) 9... c6 $11 {[%emt 0:05:49] White has an edge.} 10. Ne5 Ra6 (10... Qb6 $11 {remains equal.}) 11. Bg5 $16 h6 12. Bxf6 {[%emt 0:00:06] White is more active.} gxf6 13. Nd3 ({Resist} 13. Ng4 h5 14. Ne3 Bd6 $14) 13... Bd6 14. Nc2 f5 15. Re1 Nd7 16. e4 fxe4 17. Rxe4 Kh7 18. Ne3 (18. Qe2 $18) 18... f5 19. Rh4 ({Better is} 19. Rxe6 $18 Nb6 {[#]} 20. Rxd6 $1 Qxd6 21. Nf4) 19... c5 {[%emt 0:06:53] Black cannot hold the game after this.} (19... Be7 $16 {is a better defense.}) 20. Qc1 $18 {[%emt 0:02:39][%cal Oe3f5] [#] Threatens to win with Nxf5!} ({Don't play} 20. Qh5 $6 Qf6 $16) 20... Qf6 21. dxc5 Bc7 22. c6 Ne5 {[%emt 0:00:18] Against Ng4} 23. Nxe5 Bxe5 24. Qc5 Rd8 25. Qxb5 Bc7 26. Re1 a4 27. Rxa4 Rxa4 28. Qxa4 Qxb2 29. Qh4 {[%emt 0:02:40][%cal Oe3f5] Hoping for Nxf5!} Ba5 30. Qe7+ Qg7 31. Qxg7+ Kxg7 32. Rb1 Bc7 33. Rb4 {[%emt 0:00:07] Prevents Rd4.} Kf6 (33... Ba6 {was called for.} 34. Ra4 Bd3) 34. Ra4 f4 35. gxf4 Bb6 36. Ra8 Ke7 37. Nc4 Bc5 38. Bf3 Rf8 39. Ne5 {[%emt 0:01:08] Ng6+ is the strong threat.} Kd6 40. Nd3 Bd4 41. Ra4 Bb6 42. Ne5 Bc7 43. Be2 Kc5 44. Rc4+ Kd6 45. Kf1 Ba5 $2 (45... Rg8 46. a4 Ba5) 46. Ra4 Bc3 47. Nd3 Kc7 48. Bf3 Kb6 49. Ra8 e5 (49... Rh8 {was worth a try.} 50. Ra3 Ba1) 50. Bg4 Rd8 (50... e4) 51. Rxc8 Rxd3 52. Rb8+ Kxc6 53. Rb3 exf4 54. Be2 Rh3 55. Kg2 f3+ 56. Kxh3 {[%emt 0:00:20] Weighted Error Value: White=0.21 (precise) /Black=0.54} 1-0

[Event "2nd Serbia Open Masters 2022"]
[Site "Novi Sad"]
[Date "2022.07.02"]
[Round "5.27"]
[White "Makridis, Dimitrios"]
[Black "Sturt, Raven"]
[Result "0-1"]
[ECO "B90"]
[WhiteElo "2082"]
[BlackElo "2438"]
[Annotator "TA"]
[PlyCount "92"]
[EventDate "2022.06.28"]
[EventType "swiss"]
[EventCountry "SRB"]
[SourceTitle "playchess.com"]
[Source "ChessBase"]
[SourceQuality "1"]
[TimeControl "40/5400+30:900+30"]

1. e4 c5 2. Nf3 d6 3. d4 cxd4 4. Nxd4 Nf6 5. Nc3 a6 6. h3 e5 7. Nde2 h5 {[%emt 0:00:07] B90: Sicilian Najdorf: Unusual White 6th moves, 6 Be3 Ng4 and 6 Be3 e5.} 8. Bg5 Be6 9. f4 Nbd7 {[%emt 0:01:30] The position is equal.} 10. f5 Bc4 11. Ng3 Rc8 12. Bxc4 Rxc4 13. Qd3 Qc7 14. Nge2 b5 15. b3 Rc6 {[%emt 0:04:09] [#]} 16. a4 $146 ({Predecessor:} 16. O-O-O Be7 17. Kb1 h4 18. Rhg1 b4 19. Nd5 Nxd5 20. exd5 Rc5 21. Be3 Rb5 22. c4 bxc3 23. Nxc3 Rb4 24. Rc1 Qb7 25. Ne4 {½-½ (25) Krupa,B (2185)-Felicio,C (2269) LSS email 2013}) 16... b4 17. Nd5 Nxd5 18. exd5 Rxc2 {[%emt 0:02:35] Threatens to win with ...Rb2.} 19. O-O $1 Be7 20. Rac1 Rxc1 21. Rxc1 Qb7 (21... Qb6+ $15 22. Be3 Nc5) 22. Be3 $1 $11 O-O 23. Rc6 Nc5 24. Bxc5 dxc5 25. Ng3 Rd8 $36 {[%emt 0:20:17][%mdl 2048] Black is more active.} 26. f6 Bxf6 27. Nxh5 Bg5 (27... Qxc6 $2 28. dxc6 Rxd3 29. c7 $18) 28. Qg3 f6 29. h4 {[%emt 0:00:00] [#]} Rxd5 $1 30. Nxf6+ Bxf6 ({Much weaker is} 30... gxf6 $6 31. Rxf6 Rd1+ 32. Kh2 $11) 31. Rxf6 {[%emt 0:00:00][%mdl 4096] Endgame KQR-KQR} Qe7 ({Better is} 31... c4 $1 $15 32. bxc4 Rd1+ 33. Kh2 Qa7) 32. Rxa6 e4 33. Qg4 {[%emt 0:00:00] Against Rd1+} e3 34. h5 Rd8 {[%emt 0:00:15] And now ...Re8 would win.} 35. Re6 Rd1+ 36. Qxd1 $4 (36. Kh2 $1 $11 Qc7+ 37. g3 Rd2+ 38. Kh3) 36... Qxe6 {[%emt 0:00:04] KQ-KQ} 37. Qd8+ {[%emt 0:01:16] [#]} Kh7 $1 {[%emt 0:04:14] White must now prevent ...c4.} ({Not} 37... Kf7 38. a5 $11) 38. Qd3+ Kh6 {[%emt 0:00:02] aiming for ...c4.} 39. Kf1 $2 (39. Qd8 $19 Kxh5 40. Qc7 Qxb3 41. Qxc5+ Kg6 42. Qc6+ Kg5 43. Qc5+ Kg6 44. Qc6+ Kf5 45. Qf3+ Ke5 46. a5) 39... c4 40. bxc4 b3 41. Ke1 b2 42. a5 g6 43. Kd1 Qg4+ {[%emt 0:02:09] Black mates.} 44. Kc2 Qf5 45. Qxf5 gxf5 46. Kxb2 e2 {[%emt 0:00:03] Weighted Error Value: White=0.36/Black=0.04 (flawless)} 0-1

[Event "2nd Serbia Open Masters 2022"]
[Site "Novi Sad"]
[Date "2022.07.02"]
[Round "5.28"]
[White "Vaishali R"]
[Black "Srija, Seshadri"]
[Result "1-0"]
[ECO "C79"]
[WhiteElo "2409"]
[BlackElo "2241"]
[Annotator "TA"]
[PlyCount "65"]
[EventDate "2022.06.28"]
[EventType "swiss"]
[EventCountry "SRB"]
[SourceTitle "playchess.com"]
[Source "ChessBase"]
[SourceQuality "1"]
[TimeControl "40/5400+30:900+30"]

1. e4 e5 2. Nf3 Nc6 3. Bb5 a6 4. Ba4 d6 5. c3 Bd7 6. d4 g6 7. O-O Bg7 8. Re1 Nf6 {[%emt 0:01:17] is currently scoring better than 8...Nge7.} 9. h3 {[%emt 0:02:09] C79: Ruy Lopez: Steinitz-type lines with 3...a6 4 Ba4 Nf6 5 0-0 d6.} O-O 10. Bc2 Nh5 11. a4 {[%emt 0:01:34] [#] White is slightly better.} h6 $146 ({Predecessor:} 11... Qc8 12. Na3 Kh8 13. Nc4 b5 14. Ne3 exd4 15. cxd4 Nb4 16. axb5 Bxb5 17. Ra3 Nxc2 18. Qxc2 {1-0 (38) Bjerre,J (2559)-Ochsner,B (2482) Svendborg 2020}) 12. a5 Qc8 13. Be3 f5 (13... Re8 $14) 14. exf5 Bxf5 15. Bxf5 Qxf5 16. dxe5 dxe5 {[%emt 0:04:46] [#]} 17. Nbd2 $1 {[%emt 0:11:08][%cal Bb1d2,Bd2b3,Bb3c5,Bc5d3,Bd3c5][%mdl 32] And now g4 would win.} Qf7 18. Qb3 Qxb3 19. Nxb3 Nf4 20. Nfd2 Nd3 21. Reb1 Ne7 22. Ne4 Nf5 23. Nbc5 Nxe3 24. Nxd3 Nc4 25. Ndc5 {[%emt 0:01:03] Pair of Knights!} Rfb8 (25... Nd6 $16) 26. Rd1 Rf8 27. b3 Nxa5 28. Rxa5 b6 29. Rxa6 bxc5 30. Rxg6 Ra2 31. Rd7 Rf7 32. Rxf7 Kxf7 33. Rc6 {[%emt 0:00:03] Weighted Error Value: White=0.04 (flawless) /Black=0.23 (precise)} 1-0

[Event "2nd Serbia Open Masters 2022"]
[Site "Novi Sad"]
[Date "2022.07.02"]
[Round "5.29"]
[White "Indjic, Aleksandar"]
[Black "Papaioannou, Dimitrios"]
[Result "1-0"]
[ECO "E94"]
[WhiteElo "2621"]
[BlackElo "2078"]
[Annotator "TA"]
[PlyCount "57"]
[EventDate "2022.06.28"]
[EventType "swiss"]
[EventCountry "SRB"]
[SourceTitle "playchess.com"]
[Source "ChessBase"]
[SourceQuality "1"]
[TimeControl "40/5400+30:900+30"]

1. c4 Nf6 2. Nc3 g6 3. e4 d6 4. d4 Bg7 5. Be2 e5 6. Nf3 O-O 7. Be3 Na6 8. O-O Qe7 {[%emt 0:03:02][%cal Of6e4] 8...c6 is becoming the main line.} 9. d5 {[%emt 1:14:45] E94: King's Indian: Classical: 6 Be2 e5 7 0-0: Various Black 7th moves.} Ng4 10. Bg5 f6 11. Bh4 {[%emt 0:00:00] White is slightly better.} h5 12. h3 Nh6 13. Ne1 (13. Nd2 $16) 13... g5 $1 $11 14. Bg3 $36 {[%emt 0:00:00][%mdl 2048] [#] White has good play.} h4 $146 ({Predecessor:} 14... g4 15. hxg4 hxg4 16. Nc2 Qf7 17. Ne3 Qg6 18. a3 f5 19. exf5 Nxf5 20. Bd3 Nc5 {½-½ (70) Hagen,A (2187)-Bekker Jensen,S (2414) Helsingor 2013}) 15. Bh2 f5 $1 16. f3 {[%emt 0:00:00] Against g4} fxe4 17. Nxe4 Rf4 18. Nd3 $16 Bd7 19. Qd2 Nf5 (19... Bf5 $16) 20. b4 $18 (20. Nxf4 exf4 21. Bd3 Ne3 $16) 20... Ng3 21. Bxg3 ({Much less strong is} 21. Nxf4 Nxe4 22. fxe4 exf4 $16) ({But not} 21. Nxg3 hxg3 22. Bxg3 Rxc4 $16) 21... hxg3 22. Rac1 Rh4 (22... Raf8 $142) 23. Nxg3 g4 (23... Rd4 {was necessary.} 24. Qe3 c6) 24. fxg4 ({Less strong is} 24. hxg4 Bh6 25. f4 Bxg4 $16) 24... Bh6 25. Qb2 Be3+ 26. Kh2 e4 {[%emt 0:02:46] [#]} 27. Nf4 Qg5 {[%emt 0:00:55] [#] Prevents Ng6.} (27... Rh6 28. Rb1) 28. Nfh5 Bxc1 (28... Rxh5 29. gxh5) 29. Rxc1 {[%emt 0:00:00] Weighted Error Value: White=0.07 (flawless) /Black=0.38} 1-0

[Event "2nd Serbia Open Masters 2022"]
[Site "Novi Sad"]
[Date "2022.07.02"]
[Round "5.30"]
[White "Harshavardhan G B"]
[Black "Mendonca, Leon Luke"]
[Result "1-0"]
[ECO "B90"]
[WhiteElo "2367"]
[BlackElo "2551"]
[Annotator "TA"]
[PlyCount "114"]
[EventDate "2022.06.28"]
[EventType "swiss"]
[EventCountry "SRB"]
[SourceTitle "playchess.com"]
[Source "ChessBase"]
[SourceQuality "1"]
[TimeControl "40/5400+30:900+30"]

1. e4 c5 2. Nf3 d6 3. d4 cxd4 4. Nxd4 Nf6 5. Nc3 a6 6. Be3 e5 7. Nb3 Be6 8. h3 {[%emt 0:02:50] B90: Sicilian Najdorf: Unusual White 6th moves, 6 Be3 Ng4 and 6 Be3 e5.} Be7 9. f4 exf4 10. Bxf4 {[%emt 0:00:06] The position is equal.} Nc6 11. Qe2 Ne5 12. O-O-O Nfd7 13. Qe3 O-O 14. g4 Rc8 (14... Ng6 $11 15. Kb1 (15. Bxd6 $2 Bg5 $19) 15... Nxf4 16. Qxf4 Re8) 15. g5 {[%emt 0:00:22] [#]} Qc7 $146 (15... Ng6 $5 16. Rg1 Nxf4 17. Qxf4 Ne5 $11) ({Predecessor:} 15... Qb6 16. Qg3 a5 17. Be3 Qd8 18. Nd4 Rxc3 19. bxc3 Bxa2 20. h4 Nc5 21. Qg2 Na4 {1-0 (37) Harmon Vellotti,L (2408)-Potapova,M (2300) Chess.com INT 2020}) 16. Nd4 Nb6 17. Qg3 Rfe8 18. h4 Nbc4 19. Bh3 Qb6 20. Na4 (20. b3 Bxh3 21. Rxh3 Qb4 22. bxc4 Nxc4 $11) 20... Qa5 21. Nxe6 Qxa4 22. Qb3 {[%emt 0:00:07] Dancing on a razor blade.} Qa5 (22... Qc6 $6 23. Nd4 Qxe4 24. Rhf1 $14) 23. Rd5 (23. Nd4 $14) 23... b5 $11 24. Nd4 Rc5 25. Rd1 $1 Bf8 {[%emt 0:03:14] aiming for ...Ng6.} 26. h5 {[%emt 0:00:49] Inhibits Ng6.} g6 27. h6 Rc7 28. a3 (28. Ne2 $1 $11) 28... Qb6 (28... Nb6 $17 {White must now prevent ...Nec4.} 29. Kb1 (29. Bd2 Qa4 $17) 29... Nec4) 29. Kb1 Rb8 30. Qg3 Re8 (30... b4 $11 {remains equal.} 31. a4 (31. Bxe5 $2 dxe5 32. Nb3 bxa3 $19) 31... Na3+ 32. Ka2 (32. bxa3 Rc3 $15) 32... Nxc2) 31. Qb3 ({White should play} 31. Bf1 $16) 31... Qa7 32. Qg3 Rc5 (32... Qb6 $11 {keeps the balance.}) 33. Ka2 Qc7 34. Nb3 {[%emt 0:00:43] White is more active.} (34. Bc1 $14) 34... Rc6 35. Nd4 (35. Bxe5 $5 Rxe5 36. Rxe5 Nxe5 37. c3 $11) 35... Rc5 36. Nb3 (36. Bc1 $14) 36... Rxd5 37. exd5 {[%emt 0:00:49] [#]} (37. Rxd5 $11 Nxa3 38. Kxa3 Qxc2 39. Ka2) 37... Nb6 $2 ({Better is} 37... Nxa3 $1 $17 38. c3 (38. Kxa3 $2 Qxc2 39. Rd4 Nc4+ 40. Rxc4 Qxc4 $19) 38... Nac4) 38. Qf2 $36 {[%emt 0:00:47][%mdl 2048] White has the initiative.} Nec4 39. Bg2 Na4 40. Bc1 Re5 {[%emt 0:00:00] [#]} ({Black should try} 40... b4 $1 $14 41. axb4 Rb8) 41. Nd4 $1 $16 Ncb6 (41... b4 {is a better defense.} 42. axb4 Ncxb2 43. Bxb2 Qc4+ 44. Ka3 (44. Nb3 Nxb2 45. Rf1 Rf5 $11) 44... Nxb2) 42. Nc6 $18 Re8 43. Be3 Nc5 (43... Nxb2 {was necessary.} 44. Re1 Rxe3 45. Qxe3 N2c4 46. Ne7+ Bxe7 47. Qxe7 Qxe7 48. Rxe7 Kf8) 44. Bd4 {[%emt 0:01:42] Hoping for Qf6.} f5 45. gxf6 {[%emt 0:01:51] Strongly threatening Re1.} Qf7 46. Kb1 Nbd7 47. Re1 {[%emt 0:00:48] Against Ne4. Threatens to win with Rxe8.} Rxe1+ 48. Qxe1 Nxf6 49. Bh3 $2 {[%emt 0:01:00] This bishop pair is nice.} (49. Bxc5 $18 {[%cal Og2h3] and White stays clearly on top. Bh3! is the strong threat.} dxc5 50. Bh3) 49... Nfe4 $2 {[%emt 0:00:40] Black cannot hold the game after this.} (49... Nxd5 $16 50. Bxc5 Nf4) 50. b4 {[%emt 0:00:25] White has a decisive advantage.} Qxd5 51. bxc5 dxc5 {[%emt 0:00:26] [#]} 52. Bb2 Qxc6 53. Bg2 Bxh6 (53... Nc3+ 54. Bxc3 Qd7 55. Qe5 Bxh6 56. Qh8+ Kf7 57. Qxh7+) 54. Bxe4 Qd7 55. Qc3 {[%emt 0:02:41] Threatening mate with Qh8+.} Bg7 {[%emt 0:00:27] [#] Prevents Qh8+.} 56. Bd5+ $1 Kh8 57. Qxc5 h5 $2 {[%emt 0:01:24] Weighted Error Value: White=0.31/Black=0.35} (57... Qe8 $18 58. Bxg7+ Kxg7 59. Qa7+ Kh6 60. Qxa6 Kg5) 1-0

[Event "2nd Serbia Open Masters 2022"]
[Site "Novi Sad"]
[Date "2022.07.02"]
[Round "5.31"]
[White "Suleymanli, Aydin"]
[Black "Maltsevskaya, Aleksandra"]
[Result "1-0"]
[ECO "D37"]
[WhiteElo "2537"]
[BlackElo "2396"]
[Annotator "TA"]
[PlyCount "95"]
[EventDate "2022.06.28"]
[EventType "swiss"]
[EventCountry "SRB"]
[SourceTitle "playchess.com"]
[Source "ChessBase"]
[SourceQuality "1"]
[TimeControl "40/5400+30:900+30"]

1. d4 d5 2. c4 e6 3. Nc3 Nf6 4. Nf3 a6 5. cxd5 exd5 6. Bg5 {[%emt 0:00:05] D37: Queen's Gambit Declined: 5 Bf4.} Be6 7. Qb3 Ra7 (7... b5 $11) 8. e4 $14 {[%emt 0:01:05] [#] White is slightly better.} Be7 $146 ({Predecessor:} 8... dxe4 9. d5 exf3 10. dxe6 fxe6 11. Be3 c5 12. Qxe6+ Qe7 13. Qc8+ Qd8 14. Qe6+ Qe7 15. Qc8+ Qd8 16. Qe6+ {½-½ (16) Yoo,C (2455)-Lazavik,D (2436) Tornelo INT 2020}) 9. Bxf6 Bxf6 10. exd5 Bg4 (10... Bf5 $142) 11. Ne5 $16 Qe7 12. d6 cxd6 13. Nd5 Be6 {[%emt 0:00:58] [#] Strongly threatening ...Bxd5.} 14. Qa4+ $1 ({And not} 14. Nxe7 Bxb3 15. Nc8 (15. axb3 Kxe7 16. Nf3 Nc6 $15) 15... Be6 16. Nxa7 (16. Nxd6+ Ke7 $11) 16... dxe5 $11) 14... Bd7 {[%emt 0:02:03] [#]} 15. Qa3 Qd8 16. Qxd6 b5 17. Rc1 {[%emt 0:00:10] 0x0.001e6d0a80acdp-1022s more active pieces.} Be6 18. Nc7+ Rxc7 19. Qxc7 O-O {[%emt 0:00:10] [#]} 20. Qxd8 Rxd8 21. Rd1 Bxa2 22. Be2 Be7 23. O-O f6 24. Nf3 Nc6 25. Ra1 Nb4 26. Rfd1 Kf8 27. Rac1 Bd6 28. g3 Bb3 29. Rd2 Bd5 30. Nh4 Na2 31. Ra1 Bb4 32. Rd3 Rc8 (32... g6 $142 33. Ng2 Bf7) 33. Bf3 $18 Bc4 34. Re3 {[%emt 0:00:23] b3 is the strong threat.} Bd2 35. b3 Bxe3 36. bxc4 bxc4 37. Rxa2 c3 38. Rc2 ({Stronger than} 38. fxe3 c2 39. Rxc2 Rxc2 $11) 38... Bxd4 39. Bb7 Rb8 40. Bxa6 Rb3 41. Nf3 Bc5 42. Bc4 Ra3 43. Kg2 Ke7 44. Nh4 Kd7 45. Bg8 h6 46. Nf5 Bf8 47. Nd4 Bb4 48. Nb5 {[%emt 0:00:10] Black did not feel at home in the position after the opening.  Weighted Error Value: White=0.06 (flawless) /Black=0.19 (very precise)} 1-0

[Event "2nd Serbia Open Masters 2022"]
[Site "Novi Sad"]
[Date "2022.07.02"]
[Round "5.32"]
[White "Tsolakidou, Stavroula"]
[Black "Petkov, Momchil"]
[Result "1-0"]
[ECO "B90"]
[WhiteElo "2358"]
[BlackElo "2494"]
[Annotator "TA"]
[PlyCount "81"]
[EventDate "2022.06.28"]
[EventType "swiss"]
[EventCountry "SRB"]
[SourceTitle "playchess.com"]
[Source "ChessBase"]
[SourceQuality "1"]
[TimeControl "40/5400+30:900+30"]

1. e4 c5 2. Nf3 d6 3. d4 cxd4 4. Nxd4 Nf6 5. Nc3 a6 6. h3 e5 7. Nf3 {[%emt 0:00:29] B90: Sicilian Najdorf: Unusual White 6th moves, 6 Be3 Ng4 and 6 Be3 e5.} Qc7 8. g4 h6 9. g5 {[%emt 0:01:09] The position is equal.} hxg5 10. Nxg5 b5 11. Be3 $1 {[%emt 0:00:17] [#]} Bb7 $146 ({Predecessor:} 11... Nc6 12. Qd2 Qa5 13. Bg2 Be7 14. O-O b4 15. Nd5 Nxd5 16. exd5 Nd8 17. a3 Rb8 {0-1 (27) Maschietti,G-Clark,S (1569) ICCF email 2017}) 12. Qd2 Nbd7 13. O-O-O Rc8 14. Kb1 Rh4 15. f4 exf4 (15... b4 $5 16. Nd5 Nxd5 17. exd5 Be7 18. fxe5 Nxe5 $14) 16. Bf2 Rh5 (16... Rh6 $11 {keeps the balance.}) 17. h4 $1 $16 ({But not} 17. Qxf4 $2 b4 18. h4 bxc3 $19) 17... Ne5 18. Bh3 Rd8 19. Qxf4 Be7 {[%emt 0:00:18] [#]} (19... Bc8 $16) 20. Nd5 (20. Be6 $1 $18 ) 20... Nxd5 21. exd5 Bc8 {[%emt 0:02:59] [#]} 22. Bg2 $1 {[%emt 0:01:49] White is more active.} Bf6 23. Rde1 Kf8 24. Bd4 Rh6 {[%emt 0:06:03] [#]} ({Black should play} 24... Qd7) 25. h5 ({Better is} 25. Be4 $1 $16) 25... Qc4 {[%emt 0:06:49][%cal Oe5d3] Hoping for ...Nd3!} 26. Rd1 {[%emt 0:01:11] Inhibits Nd3. Be4 is the strong threat.} Bg4 27. b3 Qc8 28. Rdf1 Bxh5 (28... Be2 $14) 29. Ne4 Qc7 $2 (29... Qg4) 30. Qd2 $18 ({Not} 30. Nxf6 Rxf6 31. Qg5 Rg6 $18) 30... Be7 31. Ng3 Bg6 32. Rxh6 gxh6 (32... Qxc2+ 33. Qxc2 Bxc2+ 34. Kxc2 gxh6) 33. Qxh6+ Kg8 34. Be4 (34. Ne4 $142) 34... Bf8 35. Qh3 {[%emt 0:01:09] Black must now prevent Bxe5.} Qe7 36. Nf5 Qg5 37. Rh1 Bg7 {[%emt 0:00:01] Inhibits Qh8+.} 38. Nxg7 Kxg7 39. Be3 {[%emt 0:00:11] A strong pair of Bishops.} Qg4 40. Qh6+ Kf6 {[%emt 0:00:00] [#]} 41. Bg5+ $1 {[%emt 0:00:42][%mdl 512] Weighted Error Value: White=0.23 (precise) /Black=0.55} 1-0